Blue Jackets vs Canucks
Created - 9 novembre 2014 at 19:07
Goals
|
| Blue Jackets |
3 |
0 |
3 |
6 |
| Canucks |
0 |
4 |
0 |
4 |
|
Shots
|
| Blue Jackets |
22 |
5 |
10 |
37 |
| Canucks |
9 |
19 |
2 |
30 |
|
1st period
1. Blue Jackets , Marcus Nilson 9 (Chris Kelly, Branislav Mezei) at 10:16
2. Blue Jackets , Wade Redden 3 (Marcus Nilson, Chris Kelly) at 15:10
3. Blue Jackets , Dave Steckel 2 (François Beauchemin) at 19:22
Penalties :
Peter Worrell (Van) for Fighting (Major) at 11:05, François Beauchemin (Clb) for Fighting (Major) at 11:05, Jan Bulis (Clb) for Tripping (Minor) at 12:08
2nd period
4. Canucks , Maxim Lapierre 4 (Taylor Chorney, Fabian Brunnstrom) at 7:52
5. Canucks , Clarke MacArthur 7 (David Jones) at 8:23
6. Canucks , Jaromir Jagr 9 (Peter Worrell, Fabian Brunnstrom) at 9:32
7. Canucks , Clarke MacArthur 8 (David Jones, Joe Sakic) at 10:09
Penalties :
Wade Redden (Clb) for Interference (Minor) at 0:03, Marc Savard (Clb) for Interference (Minor) at 10:37, Chris Phillips (Van) for Hooking (Minor) at 14:55
3rd period
8. Blue Jackets , Pavel Bure 4 (David Booth, Marc Savard) at 3:15
9. Blue Jackets , Wade Redden 4 (Marcus Nilson, Adam Deadmarsh) at 13:26
10. Blue Jackets , Wade Redden 5 (Blake Wheeler, Rick DiPietro) at 16:49 (PP)
Penalties :
Chris Phillips (Van) for Boarding (Minor) at 15:43
Goalie Stats
Rick DiPietro (Clb), 26 saves from 30 shots - (0,867), W, 11-6-3, 60:00 minutes
Carey Price (Van), 31 saves from 37 shots - (0,838), L, 8-9-3, 60:00 minutes
Players Stats for Blue Jackets
Player Name G A P +/- PIM S H SB GA TA FO MP PP MP PK MP
------------------------------------------------------------------------------------
A.J Thelen 0 0 0 -1 0 2 1 2 0 1 0/0 16:19 0:00 1:40
Adam Deadmarsh 0 1 1 2 0 1 1 0 0 0 1/1 12:05 0:08 0:00
Blake Wheeler 0 1 1 -2 0 2 2 0 1 0 0/1 15:55 1:34 1:20
Brad Stuart 0 0 0 0 0 1 0 1 1 0 0/0 17:49 0:57 2:22
Branislav Mezei 0 1 1 2 0 3 2 1 0 0 0/0 27:33 2:08 3:35
Chris Kelly 0 2 2 2 0 0 2 0 0 0 1/2 13:21 0:08 0:53
Dave Steckel 1 0 1 0 0 1 1 0 0 0 3/4 9:55 0:00 0:20
David Booth 0 1 1 1 0 4 1 1 1 0 1/2 20:15 1:23 2:50
François Beauchemin 0 1 1 0 5 1 1 0 0 1 0/0 15:19 0:57 1:44
Jan Bulis 0 0 0 -2 2 0 1 0 0 0 2/8 14:21 1:34 0:00
Jason Ward 0 0 0 0 0 1 2 0 1 0 0/0 9:35 0:00 0:00
Jeff Taffe 0 0 0 0 0 0 0 0 0 0 1/1 12:14 0:00 1:58
Marc Savard 0 1 1 1 2 2 2 0 1 0 16/38 19:25 1:23 1:53
Marcus Nilson 1 2 3 2 0 6 1 0 1 1 0/0 13:35 0:08 1:20
Mike Commodore 0 0 0 -1 0 0 0 1 0 1 0/0 16:28 0:00 0:00
Pavel Bure 1 0 1 1 0 7 1 1 0 0 0/0 18:53 1:23 1:20
Ramzi Abid 0 0 0 -2 0 2 2 0 0 0 1/1 14:26 1:34 0:00
Wade Redden 3 0 3 2 2 4 1 0 0 1 0/0 26:31 2:08 2:33
Players Stats for Canucks
Player Name G A P +/- PIM S H SB GA TA FO MP PP MP PK MP
------------------------------------------------------------------------------------
Alex Tanguay 0 0 0 -1 0 2 4 0 0 0 0/0 7:50 0:48 0:46
Andy Rogers 0 0 0 0 0 0 0 0 0 0 0/0 13:35 0:00 0:23
Chris Phillips 0 0 0 -2 4 2 2 1 0 0 0/0 20:04 2:41 0:00
Clarke MacArthur 2 0 2 2 0 5 1 0 0 0 1/1 19:30 2:37 0:04
David Jones 0 2 2 2 0 1 1 0 1 0 1/3 17:24 2:28 0:00
Fabian Brunnstrom 0 2 2 -2 0 2 1 0 1 0 0/0 14:16 0:52 0:00
Jaromir Jagr 1 0 1 0 0 5 1 0 0 0 2/3 22:20 3:21 1:44
Jeremy Williams 0 0 0 -1 0 1 0 0 1 0 0/0 6:20 0:08 0:00
Joe Sakic 0 1 1 2 0 0 0 0 0 0 12/17 17:55 2:20 0:43
Kim Johnsson 0 0 0 1 0 0 2 2 0 0 0/0 26:42 3:16 1:21
Matt Stajan 0 0 0 0 0 4 2 2 0 0 11/22 19:05 3:08 0:35
Maxim Lapierre 1 0 1 -2 0 1 1 0 0 1 3/7 12:35 0:00 0:00
Nikolai Zherdev 0 0 0 -2 0 2 1 0 2 0 0/0 13:13 0:00 0:38
Peter Worrell 0 1 1 0 5 0 4 0 0 0 2/2 18:38 2:09 1:40
Ryan Craig 0 0 0 -1 0 2 2 0 0 0 0/3 6:04 0:00 0:00
Sami Lepisto 0 0 0 -2 0 0 0 3 0 2 0/0 21:50 2:41 1:44
Steve Montador 0 0 0 1 0 2 1 2 0 3 0/0 26:26 3:16 1:05
Taylor Chorney 0 1 1 0 0 1 0 0 0 0 0/0 13:05 0:00 1:37
3 Stars
1 - Wade Redden (Clb)
2 - Clarke MacArthur (Van)
3 - Marcus Nilson (Clb)
Power Play
Blue Jackets - 1 on 2 Attempt(s) - 50,00%
Canucks - 0 on 3 Attempt(s) - 0,00%
Penalty Kill
Blue Jackets - 3 on 3 Attempt(s) - 100,00%
- Score 0 goal in Penalty Kill
Canucks - 1 on 2 Attempt(s) - 50,00%
- Score 0 goal in Penalty Kill
Official
Referees : Dwyer Gord and Furlatt Eric
Linesman : Derek Amell and Greg Devorski
Game Notes
Peter Worrell beats up François Beauchemin at 11:05 of 1st period
Wade Redden has scored a Hat Trick!
Finance
Level 1 -- Attendance: 4592 (76,53%) -- Ticket Income 422 464 $
Level 2 -- Attendance: 4650 (93,00%) -- Ticket Income 241 800 $
Level 3 -- Attendance: 1983 (99,15%) -- Ticket Income 59 490 $
Level 4 -- Attendance: 4000 (100,00%) -- Ticket Income 68 000 $
Luxury Box -- Attendance: 1000 (100,00%) -- Ticket Income 100 000 $
Game was played at the Budweiser Coliseum
Total Attendance: 16225 (90,14%)
Total Ticket Income: 891 754 $
Other Income: 133 763 $
Total Income: 1 025 517 $
Blue Jackets
5 vs 5 Forward
Center Left Wing Right Wing Time % Phy DF OF
1 Marc Savard David Booth Pavel Bure 40 1 2 2
2 Jan Bulis Ramzi Abid Blake Wheeler 30 1 2 2
3 Chris Kelly Marcus Nilson Adam Deadmarsh 20 1 2 2
4 Dave Steckel Jeff Taffe Jason Ward 10 1 2 2
5 vs 5 Defense
Defense Defense Time % Phy DF OF
1 Branislav Mezei Wade Redden 40 1 2 2
2 François Beauchemin Brad Stuart 30 1 2 2
3 Mike Commodore A.J Thelen 20 1 2 2
4 Branislav Mezei Wade Redden 10 1 2 2
PowerPlay Forward
Center Left Wing Right Wing Time % Phy DF OF
1 Marc Savard David Booth Pavel Bure 60 1 1 3
2 Jan Bulis Ramzi Abid Blake Wheeler 40 1 1 3
PowerPlay Defense
Defense Defense Time % Phy DF OF
1 Branislav Mezei Wade Redden 60 1 1 3
2 François Beauchemin Brad Stuart 40 1 1 3
Penalty Kill 4 Players Forward
Center Wing Time % Phy DF OF
1 Marc Savard David Booth 60 1 3 1
2 Pavel Bure Blake Wheeler 40 1 3 1
Penalty Kill 4 Players Defense
Defense Defense Time % Phy DF OF
1 Branislav Mezei Wade Redden 60 1 1 3
2 François Beauchemin Brad Stuart 40 1 3 1
Penalty Kill - 3 Players Forward
Forward Time % Phy DF OF
1 Marc Savard 60 1 2 2
2 David Booth 40 1 2 2
Penalty Kill - 3 Players Defense
Defense Defense Time % Phy DF OF
1 Branislav Mezei Wade Redden 60 1 2 2
2 François Beauchemin Brad Stuart 40 1 2 2
4 vs 4 Forward
Center Wing Time % Phy DF OF
1 Marc Savard David Booth 60 1 2 2
2 Pavel Bure Blake Wheeler 40 1 2 2
4 vs 4 Defense
Defense Defense Time % Phy DF OF
1 Branislav Mezei Wade Redden 60 1 2 2
2 François Beauchemin Brad Stuart 40 1 2 2
Last Minutes Offensive
Center Left Wing Right Wing Defense Defense
Marc Savard David Booth Pavel Bure Branislav Mezei Wade Redden
Last Minutes Defensive
Center Left Wing Right Wing Defense Defense
Marc Savard David Booth Pavel Bure Branislav Mezei Wade Redden
Goaltenders
Starting : Rick DiPietro
Backup : Mathieu Garon
Extra Forwards
Normal : Marcus Nilson, Chris Kelly, Jeff Taffe - PP : Marcus Nilson, Chris Kelly - PK : Jeff Taffe
Extra Defensemen
Normal : Mike Commodore, A.J Thelen, François Beauchemin - PP : Mike Commodore - PK : A.J Thelen, François Beauchemin
Penalty Shots
Marc Savard, David Booth, Pavel Bure, Blake Wheeler, Ramzi Abid
Canucks
5 vs 5 Forward
Center Left Wing Right Wing Time % Phy DF OF
1 Matt Stajan Peter Worrell Jaromir Jagr 40 0 2 3
2 Joe Sakic Clarke MacArthur David Jones 39 0 2 3
3 Maxim Lapierre Fabian Brunnstrom Nikolai Zherdev 20 0 2 3
4 Ryan Craig Alex Tanguay Jeremy Williams 1 0 3 2
5 vs 5 Defense
Defense Defense Time % Phy DF OF
1 Steve Montador Kim Johnsson 40 0 3 2
2 Chris Phillips Sami Lepisto 30 0 3 2
3 Andy Rogers Taylor Chorney 20 0 3 2
4 Steve Montador Kim Johnsson 10 0 3 2
PowerPlay Forward
Center Left Wing Right Wing Time % Phy DF OF
1 Matt Stajan Peter Worrell Jaromir Jagr 60 0 2 3
2 Joe Sakic Clarke MacArthur David Jones 40 0 2 3
PowerPlay Defense
Defense Defense Time % Phy DF OF
1 Steve Montador Kim Johnsson 60 0 2 3
2 Chris Phillips Sami Lepisto 40 0 2 3
Penalty Kill 4 Players Forward
Center Wing Time % Phy DF OF
1 Jaromir Jagr Peter Worrell 60 1 2 2
2 Matt Stajan Joe Sakic 40 1 2 2
Penalty Kill 4 Players Defense
Defense Defense Time % Phy DF OF
1 Steve Montador Kim Johnsson 60 1 2 2
2 Chris Phillips Sami Lepisto 40 1 2 2
Penalty Kill - 3 Players Forward
Forward Time % Phy DF OF
1 Jaromir Jagr 60 1 2 2
2 Peter Worrell 40 1 2 2
Penalty Kill - 3 Players Defense
Defense Defense Time % Phy DF OF
1 Steve Montador Kim Johnsson 60 1 2 2
2 Chris Phillips Sami Lepisto 40 1 2 2
4 vs 4 Forward
Center Wing Time % Phy DF OF
1 Jaromir Jagr Peter Worrell 60 1 2 2
2 Matt Stajan Joe Sakic 40 1 2 2
4 vs 4 Defense
Defense Defense Time % Phy DF OF
1 Steve Montador Kim Johnsson 60 1 2 2
2 Chris Phillips Sami Lepisto 40 1 2 2
Last Minutes Offensive
Center Left Wing Right Wing Defense Defense
Matt Stajan Peter Worrell Jaromir Jagr Steve Montador Kim Johnsson
Last Minutes Defensive
Center Left Wing Right Wing Defense Defense
Matt Stajan Peter Worrell Jaromir Jagr Steve Montador Kim Johnsson
Goaltenders
Starting : Carey Price
Backup : José Theodore
Extra Forwards
Normal : Fabian Brunnstrom, Alex Tanguay, Nikolai Zherdev - PP : Fabian Brunnstrom, Alex Tanguay - PK : Nikolai Zherdev
Extra Defensemen
Normal : Andy Rogers, Taylor Chorney, Chris Phillips - PP : Andy Rogers - PK : Taylor Chorney, Chris Phillips
Penalty Shots
Jaromir Jagr, Peter Worrell, Matt Stajan, Joe Sakic, Clarke MacArthur
% Time on Ice - Blue Jackets
Lines # - Real PCT - Wanted PCT - Time Play
Normal Forward
1 - 33% - 40% - 16:54
2 - 26% - 30% - 13:07
3 - 22% - 20% - 11:22
4 - 19% - 10% - 9:35
Normal Defense
1 - 39% - 40% - 19:43
2 - 28% - 30% - 14:30
3 - 29% - 20% - 14:38
4 - 4% - 10% - 2:07
PP Forward
1 - 49% - 60% - 1:31
2 - 51% - 40% - 1:34
PP Defense
1 - 69% - 60% - 2:08
2 - 31% - 40% - 0:57
PK Forward
1 - 78% - 60% - 4:37
2 - 22% - 40% - 1:20
PK Defense
1 - 60% - 60% - 3:35
2 - 40% - 40% - 2:22
PK3 Forward
1 - 0% - 60%
2 - 0% - 40%
PK3 Defense
1 - 0% - 60%
2 - 0% - 40%
44 Forward
1 - 0% - 60%
2 - 0% - 40%
44 Defense
1 - 0% - 60%
2 - 0% - 40%
Last Minute Offensive - 0:00
Last Minute Defensive - 0:00
Total
Forward - 60:00
Defense - 60:00
|
% Time on Ice - Canucks
Lines # - Real PCT - Wanted PCT - Time Play
Normal Forward
1 - 34% - 40% - 17:27
2 - 29% - 39% - 14:52
3 - 25% - 20% - 12:35
4 - 12% - 1% - 6:04
Normal Defense
1 - 40% - 40% - 20:08
2 - 34% - 30% - 17:25
3 - 22% - 20% - 11:28
4 - 4% - 10% - 1:57
PP Forward
1 - 61% - 60% - 3:37
2 - 39% - 40% - 2:20
PP Defense
1 - 55% - 60% - 3:16
2 - 45% - 40% - 2:41
PK Forward
1 - 81% - 60% - 2:30
2 - 19% - 40% - 0:35
PK Defense
1 - 35% - 60% - 1:05
2 - 65% - 40% - 2:00
PK3 Forward
1 - 0% - 60%
2 - 0% - 40%
PK3 Defense
1 - 0% - 60%
2 - 0% - 40%
44 Forward
1 - 0% - 60%
2 - 0% - 40%
44 Defense
1 - 0% - 60%
2 - 0% - 40%
Last Minute Offensive - 0:00
Last Minute Defensive - 0:00
Total
Forward - 60:00
Defense - 60:00
|
Play by Play
1st period
0:01 of 1st period - Peter Worrell wins face-off versus Marc Savard in neutral zone.
0:34 of 1st period - Blake Wheeler is hit by Kim Johnsson and loses puck.
0:51 of 1st period - Backhand shot by Ryan Craig.
0:51 of 1st period - Stopped by Rick DiPietro with a rebound.
1:09 of 1st period - Slapshot by Chris Phillips.
1:09 of 1st period - Stopped by Rick DiPietro with a rebound.
1:29 of 1st period - Chris Phillips is hit by Pavel Bure and loses puck.
1:50 of 1st period - Joe Sakic is hit by Jan Bulis.
2:54 of 1st period - Wrist shot by Marc Savard.
2:54 of 1st period - Shot Blocked by Steve Montador.
2:56 of 1st period - Slapshot by Mike Commodore.
2:56 of 1st period - Shot Misses the Net.
2:58 of 1st period - Wrist shot by Pavel Bure.
2:58 of 1st period - Stopped by Carey Price with a rebound.
3:00 of 1st period - Slapshot by A.J Thelen.
3:00 of 1st period - Deflect By Kim Johnsson.
3:00 of 1st period - Stopped by Carey Price without a rebound.
3:01 of 1st period - Matt Stajan wins face-off versus Jan Bulis in Canucks zone.
3:05 of 1st period - Off-side.
3:06 of 1st period - Ramzi Abid wins face-off versus Matt Stajan in neutral zone.
3:10 of 1st period - Off-side.
3:11 of 1st period - Matt Stajan wins face-off versus Blake Wheeler in neutral zone.
3:14 of 1st period - Wade Redden is hit by Matt Stajan and loses puck.
3:49 of 1st period - Snap shot by Blake Wheeler.
3:49 of 1st period - Stopped by Carey Price without a rebound.
3:50 of 1st period - Joe Sakic wins face-off versus Marc Savard in Canucks zone.
3:57 of 1st period - Wrist shot by David Booth.
3:57 of 1st period - Stopped by Carey Price with a rebound.
5:05 of 1st period - A.J Thelen is hit by Peter Worrell and loses puck.
5:20 of 1st period - Chris Phillips is hit by A.J Thelen and loses puck.
5:47 of 1st period - Snap shot by Marcus Nilson.
5:47 of 1st period - Stopped by Carey Price with a rebound.
6:01 of 1st period - Taylor Chorney is hit by Dave Steckel and loses puck.
6:10 of 1st period - Wrist shot by Ryan Craig.
6:10 of 1st period - Stopped by Rick DiPietro with a rebound.
7:27 of 1st period - Slapshot by David Booth.
7:27 of 1st period - Stopped by Carey Price without a rebound.
7:28 of 1st period - Marc Savard wins face-off versus Ryan Craig in Canucks zone.
7:29 of 1st period - Wrist shot by Pavel Bure.
7:29 of 1st period - Stopped by Carey Price without a rebound.
7:30 of 1st period - Joe Sakic wins face-off versus David Booth in Canucks zone.
7:41 of 1st period - Slapshot by David Jones.
7:41 of 1st period - Shot Misses the Net.
7:43 of 1st period - Slapshot by Chris Phillips.
7:43 of 1st period - Shot Blocked by A.J Thelen.
7:45 of 1st period - Wrist shot by Clarke MacArthur.
7:45 of 1st period - Stopped by Rick DiPietro with a rebound.
8:16 of 1st period - Slapshot by Marcus Nilson.
8:16 of 1st period - Stopped by Carey Price without a rebound.
8:17 of 1st period - Maxim Lapierre wins face-off versus Chris Kelly in Canucks zone.
8:38 of 1st period - Slapshot by Nikolai Zherdev.
8:38 of 1st period - Stopped by Rick DiPietro with a rebound.
9:09 of 1st period - Wade Redden is hit by Fabian Brunnstrom and loses puck.
10:16 of 1st period - Snap shot by Marcus Nilson.
10:16 of 1st period - Goal by Marcus Nilson - Blue Jackets : 1 - Canucks : 0.
10:17 of 1st period - David Booth wins face-off versus Joe Sakic in neutral zone.
10:28 of 1st period - Wrist shot by Pavel Bure.
10:28 of 1st period - Stopped by Carey Price with a rebound.
10:30 of 1st period - Slapshot by Brad Stuart.
10:30 of 1st period - Shot Blocked by Sami Lepisto.
10:32 of 1st period - Slapshot by François Beauchemin.
10:32 of 1st period - Shot Misses the Net.
10:42 of 1st period - Brad Stuart is hit by Jaromir Jagr and loses puck.
10:49 of 1st period - Snap shot by Matt Stajan.
10:49 of 1st period - Stopped by Rick DiPietro without a rebound.
10:50 of 1st period - Matt Stajan wins face-off versus Marc Savard in Blue Jackets zone.
11:02 of 1st period - Icing by Steve Montador.
11:03 of 1st period - Matt Stajan wins face-off versus Marc Savard in Canucks zone.
11:05 of 1st period - Peter Worrell beats up François Beauchemin.
11:05 of 1st period - Penalty to Peter Worrell for Fighting.
11:05 of 1st period - Penalty to François Beauchemin for Fighting.
11:06 of 1st period - Joe Sakic wins face-off versus Marc Savard in neutral zone.
11:09 of 1st period - Wrist shot by David Jones.
11:09 of 1st period - Deflect By Pavel Bure.
11:09 of 1st period - Shot Misses the Net.
11:09 of 1st period - Puck is out of play.
11:10 of 1st period - Marc Savard wins face-off versus Joe Sakic in Blue Jackets zone.
11:28 of 1st period - Mike Commodore is hit by Clarke MacArthur and loses puck.
11:41 of 1st period - Backhand shot by Pavel Bure.
11:41 of 1st period - Shot Misses the Net.
11:43 of 1st period - Slapshot by David Booth.
11:43 of 1st period - Stopped by Carey Price with a rebound.
11:55 of 1st period - Snap shot by Marc Savard.
11:55 of 1st period - Shot Misses the Net.
11:57 of 1st period - Snap shot by Mike Commodore.
11:57 of 1st period - Shot Misses the Net.
11:59 of 1st period - Snap shot by Brad Stuart.
11:59 of 1st period - Deflect By Pavel Bure.
11:59 of 1st period - Shot Misses the Net.
11:59 of 1st period - Puck is out of play.
12:00 of 1st period - Matt Stajan wins face-off versus Jan Bulis in Canucks zone.
12:08 of 1st period - Minor Penalty to Jan Bulis for Tripping.
12:09 of 1st period - Marc Savard wins face-off versus Matt Stajan in Blue Jackets zone.
13:14 of 1st period - Jeff Taffe is hit by Matt Stajan and loses puck.
13:51 of 1st period - Backhand shot by Marcus Nilson.
13:51 of 1st period - Shot Misses the Net.
14:08 of 1st period - Penalty to Jan Bulis is over, Jan Bulis is back on ice.
14:41 of 1st period - Slapshot by Brad Stuart.
14:41 of 1st period - Stopped by Carey Price with a rebound.
14:51 of 1st period - Mike Commodore is hit by Ryan Craig and loses puck.
15:04 of 1st period - Wrist shot by Marcus Nilson.
15:04 of 1st period - Stopped by Carey Price without a rebound.
15:05 of 1st period - Chris Kelly wins face-off versus Maxim Lapierre in Canucks zone.
15:08 of 1st period - Snap shot by Marcus Nilson.
15:08 of 1st period - Deflect By Fabian Brunnstrom.
15:08 of 1st period - Stopped by Carey Price with a rebound.
15:10 of 1st period - Slapshot by Wade Redden.
15:10 of 1st period - Goal by Wade Redden - Blue Jackets : 2 - Canucks : 0.
15:11 of 1st period - Marc Savard wins face-off versus Matt Stajan in neutral zone.
15:14 of 1st period - Slapshot by Branislav Mezei.
15:14 of 1st period - Shot Blocked by Steve Montador.
15:45 of 1st period - Snap shot by Ramzi Abid.
15:45 of 1st period - Stopped by Carey Price with a rebound.
15:47 of 1st period - Slapshot by Branislav Mezei.
15:47 of 1st period - Stopped by Carey Price with a rebound.
15:49 of 1st period - Slapshot by Branislav Mezei.
15:49 of 1st period - Shot Misses the Net.
16:24 of 1st period - Clarke MacArthur is hit by Jason Ward and loses puck.
16:29 of 1st period - Wrist shot by Dave Steckel.
16:29 of 1st period - Shot Blocked by Chris Phillips.
16:31 of 1st period - Snap shot by Dave Steckel.
16:31 of 1st period - Shot Misses the Net.
16:50 of 1st period - Slapshot by Chris Phillips.
16:50 of 1st period - Stopped by Rick DiPietro with a rebound.
17:00 of 1st period - Snap shot by Clarke MacArthur.
17:00 of 1st period - Shot Blocked by Mike Commodore.
17:02 of 1st period - Snap shot by Joe Sakic.
17:02 of 1st period - Shot Misses the Net.
17:04 of 1st period - Wrist shot by Clarke MacArthur.
17:04 of 1st period - Stopped by Rick DiPietro without a rebound.
17:05 of 1st period - Jan Bulis wins face-off versus Matt Stajan in Blue Jackets zone.
17:05 of 1st period - Jan Bulis is hit by Kim Johnsson.
17:11 of 1st period - Slapshot by Wade Redden.
17:11 of 1st period - Stopped by Carey Price with a rebound.
17:13 of 1st period - Slapshot by Branislav Mezei.
17:13 of 1st period - Shot Misses the Net.
17:15 of 1st period - Wrist shot by Jan Bulis.
17:15 of 1st period - Shot Blocked by Kim Johnsson.
17:17 of 1st period - Snap shot by Branislav Mezei.
17:17 of 1st period - Stopped by Carey Price without a rebound.
17:18 of 1st period - Peter Worrell wins face-off versus Marc Savard in Canucks zone.
18:07 of 1st period - Steve Montador is hit by Jason Ward and loses puck.
18:27 of 1st period - Wrist shot by Matt Stajan.
18:27 of 1st period - Stopped by Rick DiPietro without a rebound.
18:28 of 1st period - Matt Stajan wins face-off versus Marc Savard in Blue Jackets zone.
19:22 of 1st period - Slapshot by Dave Steckel.
19:22 of 1st period - Goal by Dave Steckel - Blue Jackets : 3 - Canucks : 0.
19:23 of 1st period - Marc Savard wins face-off versus Matt Stajan in neutral zone.
19:28 of 1st period - Wrist shot by Marc Savard.
19:28 of 1st period - Stopped by Carey Price with a rebound.
19:30 of 1st period - Slapshot by Wade Redden.
19:30 of 1st period - Shot Misses the Net.
19:32 of 1st period - Slapshot by Marc Savard.
19:32 of 1st period - Shot Misses the Net.
19:48 of 1st period - Joe Sakic is hit by Branislav Mezei and loses puck.
19:53 of 1st period - Wrist shot by Blake Wheeler.
19:53 of 1st period - Shot Misses the Net.
19:55 of 1st period - Backhand shot by Brad Stuart.
19:55 of 1st period - Shot Misses the Net.
19:57 of 1st period - Slapshot by Brad Stuart.
19:57 of 1st period - Shot Blocked by Kim Johnsson.
19:59 of 1st period - Snap shot by Ramzi Abid.
19:59 of 1st period - Stopped by Carey Price without a rebound.
Goals for this period are 3 for Blue Jackets vs 0 for Canucks.
Shots for this period are 22 for Blue Jackets vs 9 for Canucks.
2nd period
0:01 of 2nd period - Marc Savard wins face-off versus Matt Stajan in neutral zone.
0:03 of 2nd period - Minor Penalty to Wade Redden for Interference.
0:04 of 2nd period - Matt Stajan wins face-off versus Marc Savard in Blue Jackets zone.
0:29 of 2nd period - A.J Thelen is hit by Steve Montador and loses puck.
2:03 of 2nd period - Penalty to Wade Redden is over, Wade Redden is back on ice.
2:25 of 2nd period - Snap shot by Jeremy Williams.
2:25 of 2nd period - Stopped by Rick DiPietro with a rebound.
2:27 of 2nd period - Slapshot by Alex Tanguay.
2:27 of 2nd period - Shot Misses the Net.
2:29 of 2nd period - Wrist shot by Ryan Craig.
2:29 of 2nd period - Deflect By Jeremy Williams.
2:29 of 2nd period - Shot Blocked by Branislav Mezei.
2:29 of 2nd period - Puck is out of play.
2:30 of 2nd period - Dave Steckel wins face-off versus Ryan Craig in Blue Jackets zone.
2:30 of 2nd period - Dave Steckel is hit by Alex Tanguay.
3:02 of 2nd period - A.J Thelen is hit by Chris Phillips and loses puck.
3:21 of 2nd period - Ramzi Abid is hit by Maxim Lapierre and loses puck.
3:30 of 2nd period - Fabian Brunnstrom is hit by Ramzi Abid and loses puck.
3:41 of 2nd period - Matt Stajan is hit by Chris Kelly and loses puck.
4:30 of 2nd period - Wrist shot by Jaromir Jagr.
4:30 of 2nd period - Stopped by Rick DiPietro without a rebound.
4:31 of 2nd period - Dave Steckel wins face-off versus Joe Sakic in Blue Jackets zone.
4:36 of 2nd period - Slapshot by Branislav Mezei.
4:36 of 2nd period - Stopped by Carey Price without a rebound.
4:37 of 2nd period - David Jones wins face-off versus Marc Savard in Canucks zone.
5:55 of 2nd period - François Beauchemin is hit by Chris Phillips and loses puck.
6:08 of 2nd period - Andy Rogers is hit by David Booth and loses puck.
6:15 of 2nd period - Snap shot by David Booth.
6:15 of 2nd period - Shot Misses the Net.
6:17 of 2nd period - Snap shot by Pavel Bure.
6:17 of 2nd period - Stopped by Carey Price without a rebound.
6:18 of 2nd period - Joe Sakic wins face-off versus Marc Savard in Canucks zone.
6:27 of 2nd period - Slapshot by Clarke MacArthur.
6:27 of 2nd period - Shot Misses the Net.
6:29 of 2nd period - Wrist shot by Steve Montador.
6:29 of 2nd period - Stopped by Rick DiPietro with a rebound.
6:31 of 2nd period - Slapshot by David Jones.
6:31 of 2nd period - Stopped by Rick DiPietro with a rebound.
6:49 of 2nd period - Snap shot by Fabian Brunnstrom.
6:49 of 2nd period - Stopped by Rick DiPietro with a rebound.
6:51 of 2nd period - Slapshot by Andy Rogers.
6:51 of 2nd period - Shot Blocked by Pavel Bure.
6:53 of 2nd period - Slapshot by Taylor Chorney.
6:53 of 2nd period - Deflect By Pavel Bure.
6:53 of 2nd period - Stopped by Rick DiPietro without a rebound.
6:54 of 2nd period - Matt Stajan wins face-off versus Jan Bulis in Blue Jackets zone.
7:05 of 2nd period - Chris Phillips is hit by Ramzi Abid.
7:46 of 2nd period - Wrist shot by Nikolai Zherdev.
7:46 of 2nd period - Shot Misses the Net.
7:48 of 2nd period - Wrist shot by Fabian Brunnstrom.
7:48 of 2nd period - Shot Misses the Net.
7:50 of 2nd period - Slapshot by Taylor Chorney.
7:50 of 2nd period - Shot Misses the Net.
7:52 of 2nd period - Snap shot by Maxim Lapierre.
7:52 of 2nd period - Goal by Maxim Lapierre - Blue Jackets : 3 - Canucks : 1.
7:53 of 2nd period - Matt Stajan wins face-off versus Marc Savard in neutral zone.
8:00 of 2nd period - Wrist shot by Matt Stajan.
8:00 of 2nd period - Shot Misses the Net.
8:23 of 2nd period - Slapshot by Clarke MacArthur.
8:23 of 2nd period - Goal by Clarke MacArthur - Blue Jackets : 3 - Canucks : 2.
8:24 of 2nd period - Marc Savard wins face-off versus Jaromir Jagr in neutral zone.
8:31 of 2nd period - Slapshot by David Booth.
8:31 of 2nd period - Stopped by Carey Price with a rebound.
8:49 of 2nd period - Kim Johnsson is hit by Blake Wheeler and loses puck.
9:30 of 2nd period - Slapshot by Peter Worrell.
9:30 of 2nd period - Shot Misses the Net.
9:32 of 2nd period - Wrist shot by Jaromir Jagr.
9:32 of 2nd period - Goal by Jaromir Jagr - Blue Jackets : 3 - Canucks : 3.
9:33 of 2nd period - Marc Savard wins face-off versus Matt Stajan in neutral zone.
10:00 of 2nd period - Branislav Mezei is hit by David Jones and loses puck.
10:09 of 2nd period - Slapshot by Clarke MacArthur.
10:09 of 2nd period - Goal by Clarke MacArthur - Blue Jackets : 3 - Canucks : 4.
10:10 of 2nd period - Marc Savard wins face-off versus Matt Stajan in neutral zone.
10:18 of 2nd period - Slapshot by François Beauchemin.
10:18 of 2nd period - Shot Blocked by Sami Lepisto.
10:20 of 2nd period - Wrist shot by Pavel Bure.
10:20 of 2nd period - Stopped by Carey Price without a rebound.
10:21 of 2nd period - Marc Savard wins face-off versus Matt Stajan in Canucks zone.
10:32 of 2nd period - Snap shot by Jaromir Jagr.
10:32 of 2nd period - Stopped by Rick DiPietro without a rebound.
10:33 of 2nd period - Joe Sakic wins face-off versus Marc Savard in Blue Jackets zone.
10:37 of 2nd period - Minor Penalty to Marc Savard for Interference.
10:38 of 2nd period - Jeff Taffe wins face-off versus Matt Stajan in Blue Jackets zone.
10:51 of 2nd period - Slapshot by Kim Johnsson.
10:51 of 2nd period - Deflect By Matt Stajan.
10:51 of 2nd period - Stopped by Rick DiPietro with a rebound.
12:35 of 2nd period - Sami Lepisto is hit by Blake Wheeler and loses puck.
12:37 of 2nd period - Penalty to Marc Savard is over, Marc Savard is back on ice.
12:44 of 2nd period - Snap shot by Alex Tanguay.
12:44 of 2nd period - Stopped by Rick DiPietro without a rebound.
12:45 of 2nd period - Maxim Lapierre wins face-off versus Jan Bulis in Blue Jackets zone.
12:48 of 2nd period - Slapshot by Fabian Brunnstrom.
12:48 of 2nd period - Stopped by Rick DiPietro without a rebound.
12:49 of 2nd period - Jan Bulis wins face-off versus Maxim Lapierre in Blue Jackets zone.
12:55 of 2nd period - Off-side.
12:56 of 2nd period - Marc Savard wins face-off versus David Jones in neutral zone.
14:28 of 2nd period - Snap shot by Alex Tanguay.
14:28 of 2nd period - Stopped by Rick DiPietro with a rebound.
14:30 of 2nd period - Wrist shot by Steve Montador.
14:30 of 2nd period - Shot Blocked by David Booth.
14:32 of 2nd period - Slapshot by Steve Montador.
14:32 of 2nd period - Stopped by Rick DiPietro without a rebound.
14:33 of 2nd period - Marc Savard wins face-off versus Joe Sakic in Blue Jackets zone.
14:55 of 2nd period - Minor Penalty to Chris Phillips for Hooking.
14:56 of 2nd period - Jaromir Jagr wins face-off versus Marc Savard in Canucks zone.
15:36 of 2nd period - Kim Johnsson is hit by François Beauchemin and loses puck.
16:15 of 2nd period - David Booth is hit by Alex Tanguay and loses puck.
16:30 of 2nd period - Ramzi Abid is hit by Alex Tanguay and loses puck.
16:55 of 2nd period - Penalty to Chris Phillips is over, Chris Phillips is back on ice.
16:59 of 2nd period - Jaromir Jagr is hit by Chris Kelly and loses puck.
17:58 of 2nd period - Wrist shot by Jaromir Jagr.
17:58 of 2nd period - Stopped by Rick DiPietro with a rebound.
18:39 of 2nd period - Slapshot by Clarke MacArthur.
18:39 of 2nd period - Stopped by Rick DiPietro with a rebound.
18:51 of 2nd period - Snap shot by Jaromir Jagr.
18:51 of 2nd period - Stopped by Rick DiPietro without a rebound.
18:52 of 2nd period - Marc Savard wins face-off versus Maxim Lapierre in Blue Jackets zone.
19:07 of 2nd period - Snap shot by Marc Savard.
19:07 of 2nd period - Shot Misses the Net.
19:17 of 2nd period - Branislav Mezei is hit by Ryan Craig and loses puck.
19:55 of 2nd period - Snap shot by Marc Savard.
19:55 of 2nd period - Stopped by Carey Price without a rebound.
19:56 of 2nd period - Marc Savard wins face-off versus Ryan Craig in Canucks zone.
19:57 of 2nd period - Snap shot by David Booth.
19:57 of 2nd period - Shot Misses the Net.
Goals for this period are 0 for Blue Jackets vs 4 for Canucks.
Shots for this period are 5 for Blue Jackets vs 19 for Canucks.
3rd period
0:01 of 3rd period - Joe Sakic wins face-off versus Marc Savard in neutral zone.
1:39 of 3rd period - Jason Ward is hit by Peter Worrell and loses puck.
2:44 of 3rd period - Off-side.
2:45 of 3rd period - Dave Steckel wins face-off versus Matt Stajan in neutral zone.
3:01 of 3rd period - Icing by Matt Stajan.
3:02 of 3rd period - Matt Stajan wins face-off versus Marc Savard in Canucks zone.
3:13 of 3rd period - Wrist shot by David Booth.
3:13 of 3rd period - Shot Blocked by Matt Stajan.
3:15 of 3rd period - Slapshot by Pavel Bure.
3:15 of 3rd period - Goal by Pavel Bure - Blue Jackets : 4 - Canucks : 4.
3:16 of 3rd period - Joe Sakic wins face-off versus Marc Savard in neutral zone.
3:16 of 3rd period - Joe Sakic is hit by Marc Savard.
4:15 of 3rd period - Snap shot by Marcus Nilson.
4:15 of 3rd period - Stopped by Carey Price without a rebound.
4:16 of 3rd period - Joe Sakic wins face-off versus Marc Savard in Canucks zone.
4:31 of 3rd period - Wrist shot by Marc Savard.
4:31 of 3rd period - Shot Misses the Net.
6:30 of 3rd period - Fabian Brunnstrom is hit by Adam Deadmarsh.
7:44 of 3rd period - Marcus Nilson is hit by Nikolai Zherdev and loses puck.
7:51 of 3rd period - Snap shot by Nikolai Zherdev.
7:51 of 3rd period - Shot Blocked by A.J Thelen.
8:38 of 3rd period - Ramzi Abid is hit by Alex Tanguay and loses puck.
8:49 of 3rd period - Jaromir Jagr is hit by Marcus Nilson and loses puck.
8:54 of 3rd period - Snap shot by Marcus Nilson.
8:54 of 3rd period - Shot Blocked by Sami Lepisto.
8:56 of 3rd period - Snap shot by Mike Commodore.
8:56 of 3rd period - Shot Blocked by Matt Stajan.
9:02 of 3rd period - Chris Kelly is hit by Peter Worrell and loses puck.
9:14 of 3rd period - Off-side.
9:15 of 3rd period - Marc Savard wins face-off versus Joe Sakic in neutral zone.
9:43 of 3rd period - Wrist shot by Kim Johnsson.
9:43 of 3rd period - Shot Misses the Net.
10:01 of 3rd period - Wrist shot by Jason Ward.
10:01 of 3rd period - Stopped by Carey Price without a rebound.
10:02 of 3rd period - Maxim Lapierre wins face-off versus Dave Steckel in Canucks zone.
10:11 of 3rd period - Wrist shot by Maxim Lapierre.
10:11 of 3rd period - Shot Misses the Net.
10:36 of 3rd period - Snap shot by Jason Ward.
10:36 of 3rd period - Deflect By Taylor Chorney.
10:36 of 3rd period - Shot Misses the Net.
10:36 of 3rd period - Puck is out of play.
10:37 of 3rd period - Joe Sakic wins face-off versus Marc Savard in Canucks zone.
11:25 of 3rd period - Off-side.
11:26 of 3rd period - Adam Deadmarsh wins face-off versus Maxim Lapierre in neutral zone.
13:11 of 3rd period - Chris Phillips is hit by Branislav Mezei and loses puck.
13:22 of 3rd period - Slapshot by Adam Deadmarsh.
13:22 of 3rd period - Stopped by Carey Price with a rebound.
13:24 of 3rd period - Slapshot by Marcus Nilson.
13:24 of 3rd period - Shot Misses the Net.
13:26 of 3rd period - Slapshot by Wade Redden.
13:26 of 3rd period - Goal by Wade Redden - Blue Jackets : 5 - Canucks : 4.
13:27 of 3rd period - Joe Sakic wins face-off versus Marc Savard in neutral zone.
14:55 of 3rd period - Snap shot by Pavel Bure.
14:55 of 3rd period - Stopped by Carey Price with a rebound.
14:57 of 3rd period - Slapshot by A.J Thelen.
14:57 of 3rd period - Stopped by Carey Price without a rebound.
14:58 of 3rd period - Matt Stajan wins face-off versus Marc Savard in Canucks zone.
15:11 of 3rd period - Wrist shot by Marc Savard.
15:11 of 3rd period - Shot Misses the Net.
15:13 of 3rd period - Slapshot by François Beauchemin.
15:13 of 3rd period - Stopped by Carey Price without a rebound.
15:14 of 3rd period - Joe Sakic wins face-off versus Jan Bulis in Canucks zone.
15:21 of 3rd period - Snap shot by Blake Wheeler.
15:21 of 3rd period - Stopped by Carey Price without a rebound.
15:22 of 3rd period - Clarke MacArthur wins face-off versus Jan Bulis in Canucks zone.
15:43 of 3rd period - Minor Penalty to Chris Phillips for Boarding.
15:44 of 3rd period - Jaromir Jagr wins face-off versus Marc Savard in Canucks zone.
15:44 of 3rd period - Jaromir Jagr is hit by Marc Savard.
16:49 of 3rd period - Slapshot by Wade Redden.
16:49 of 3rd period - Goal by Wade Redden - Blue Jackets : 6 - Canucks : 4.
16:50 of 3rd period - Marc Savard wins face-off versus David Jones in neutral zone.
16:55 of 3rd period - Icing by Joe Sakic.
16:56 of 3rd period - Joe Sakic wins face-off versus Marc Savard in Canucks zone.
17:27 of 3rd period - Wrist shot by Matt Stajan.
17:27 of 3rd period - Stopped by Rick DiPietro with a rebound.
17:29 of 3rd period - Wrist shot by Peter Worrell.
17:29 of 3rd period - Shot Blocked by Brad Stuart.
17:31 of 3rd period - Snap shot by Steve Montador.
17:31 of 3rd period - Shot Misses the Net.
17:50 of 3rd period - Wrist shot by Nikolai Zherdev.
17:50 of 3rd period - Stopped by Rick DiPietro with a rebound.
19:28 of 3rd period - Kim Johnsson is hit by Wade Redden and loses puck.
19:46 of 3rd period - Jeff Taffe is hit by Peter Worrell and loses puck.
Goals for this period are 3 for Blue Jackets vs 0 for Canucks.
Shots for this period are 10 for Blue Jackets vs 2 for Canucks.
Output by the SimonT Hockey Simulator (STHS) for François Prévost -- Original Page W3C XHTML 1.0 Valid